 Dungeon Crawl Stone Soup version 0.28-b1-25-g9875b3fc8c (webtiles) character file.

Game seed: 11776877852319102381

97 browni3141 the Sneak (level 4, 0/24 HPs)
             Began as a Vampire Ice Elementalist on Feb 3, 2022.
             Slain by an orc (4 damage)
             ... on level 3 of the Dungeon.
             The game lasted 00:05:35 (2714 turns).

browni3141 the Sneak (Vampire Ice Elementalist)     Turns: 2714, Time: 00:05:35

Health: 0/24       AC:  3    Str:  7    XL:     4   Next: 42%
Magic:  5/7        EV: 12    Int: 19    God:
Gold:   97         SH:  0    Dex: 14    Spells: 1/8 levels left

rFire   . . .      SeeInvis +   f - +1 dagger (protect)
rCold   + + .      Faith    .   (no shield)
rNeg    + + +      Spirit   .   a - +0 robe
rPois   ∞          Reflect  .   (no helmet)
rElec   .          Harm     .   (no cloak)
rCorr   .          Rampage  .   i - +0 pair of gloves
Will    .....                   (no boots)
Stlth   +++++.....              (no amulet)
HPRegen 0.00/turn               (no ring)
MPRegen 0.10/turn               (no ring)

@: bloodless, inhibited regen
A: bloodless, fangs 3, see invisible, vampiric 2
a: Bat Form, Revivify


You were on level 3 of the Dungeon.
You visited 1 branch of the dungeon, and saw 3 of its levels.

You collected 97 gold pieces.

Inventory:

Hand Weapons
 f - a +1 dagger of protection (weapon)
Armour
 a - a +0 robe (worn)
 i - a +0 pair of gloves (worn)
Jewellery
 m - a +4 ring of evasion
Scrolls
 c - 3 scrolls of teleportation {unknown}
 d - a scroll of holy word {unknown}
 e - a scroll of enchant weapon {unknown}
 g - a scroll of silence {unknown}
 l - a scroll of identify {unknown}
Potions
 b - 3 potions of might {unknown}
 h - a potion of magic {unknown}
 j - a potion of haste {unknown}
 k - a potion of curing {unknown}


   Skills:
 - Level 2.1 Dodging
 - Level 5.0 Stealth
 + Level 2.6 Spellcasting
 * Level 4.9 Ice Magic


You had one spell level left.
You knew the following spells:

 Your Spells              Type           Power      Damage    Failure   Level
a - Freeze                Ice            84%        1d10      1%          1
b - Frozen Ramparts       Ice            42%        1d6       6%          3
c - Ozocubu's Armour      Ice            21%        N/A       6%          3

Your spell library contained the following spells:

 Spells                   Type           Power      Damage    Failure   Level
 Hailstorm                Conj/Ice       11%        3d5       50%         4


Dungeon Overview and Level Annotations

Branches:
Dungeon (3/15)

Altars:

Annotations:
D:3 Grinder


Innate Abilities, Weirdness & Mutations

You do not regenerate when monsters are visible.
You are frail without blood (-20% HP).
You can heal yourself when you bite living creatures.
You are immune to poison.
You have razor-sharp teeth.
You have supernaturally acute eyesight. (SInv)
You are afflicted with vampirism and can become a bat while bloodless.


Message History

You resist with significant effort.
You freeze Grinder but do no damage.
Grinder completely resists.
Grinder hits you.
Unknown command.
Press: ? - help, v - describe, . - travel
Here: Grinder (heavily wounded)
An open door.
Unknown command.
You freeze Grinder but do no damage.
Grinder completely resists.
You freeze Grinder.
Grinder resists.
Grinder is heavily wounded.
Grinder hits you!
You hit Grinder but do no damage.
Your weapon exudes an aura of protection.
Your bite misses Grinder.
Grinder is heavily wounded.
Grinder blinks!
An orc comes into view. It is wielding a +0 hand axe.
There is an open door here.
An orc comes into view. It is wielding a +0 dagger.
A frilled lizard comes into view.
Grinder gestures at you. You resist with significant effort.
Grinder gestures at you.
You suddenly lose the ability to move!
The orc hits you with a +0 dagger. x2
* * * LOW HITPOINT WARNING * * *
Grinder blinks!
The orc hits you with a +0 dagger.
* * * LOW HITPOINT WARNING * * *
The orc hits you but does no damage.
You can move again.
Unknown command.
Unknown command.
Grinder gestures at you. You resist with significant effort.
The orc hits you with a +0 dagger.
* * * LOW HITPOINT WARNING * * *
There is a stone staircase leading down here.
Unknown command.
The orc hits you with a +0 dagger.
You die...

#.†..# ##.##.#
#.........# ...##.#
#.........#
#####.#####
...l.....#
....#.....# .......
#.#.#.###.# .....
......###'### #..#
#.....##....###..##
#..##.##..5.'...@.#
#..##.##....#.##o###
#..##.##....'.......#
.......#....#.##.o#.#
.......#....#.##..# #
######.#....'.....# #
#....####... .'....#
###. #.#....#


You could see Grinder, 2 orcs and a frilled lizard (asleep).

Vanquished Creatures
  4 gnolls (D:1)
  An adder (D:3)
  A worm (D:2)
  A dart slug (D:2)
  5 ball pythons
  6 endoplasms
  6 goblins
  5 hobgoblins
  4 jackals (D:2)
  3 kobolds
  2 bats
  3 frilled lizards (D:1)
  2 rats (D:1)
43 creatures vanquished.

Notes
Turn   | Place    | Note
-------+----------+-------------------------------------------
     0 | D:1      | browni3141 the Vampire Ice Elementalist began the quest for
                  | the Orb.
     0 | D:1      | Reached XP level 1. HP: 13/13 MP: 3/3
   208 | D:1      | Reached skill level 4 in Stealth
   217 | D:1      | Reached XP level 2. HP: 16/17 MP: 0/5
   791 | D:1      | Reached skill level 5 in Stealth
   793 | D:1      | Found a faded altar of an unknown god.
  1188 | D:1      | Gained mutation: You are afflicted with vampirism and can
                  | become a bat while bloodless. [Vampire growth]
  1188 | D:1      | Reached XP level 3. HP: 16/21 MP: 4/6
  1927 | D:2      | Reached XP level 4. HP: 21/21 MP: 4/7
  2575 | D:3      | Learned a level 3 spell: Frozen Ramparts
  2579 | D:3      | Learned a level 3 spell: Ozocubu's Armour
  2695 | D:3      | Noticed Grinder
  2708 | D:3      | Paralysed by Grinder for 5 turns
  2714 | D:3      | Slain by an orc

Illustrated notes

Levels and vault maps discovered:
D:1:      ncdulo_lavacross, layout_basic, hellmonk_ecumenical_altar_run_dry,
          columned_hall_lemuel, minmay_misc_feat_square, minmay_surrounded
D:2:      layout_basic
D:3:      layout_basic, lemuel_zombie_altar_yredelemnul, ebering_ghost_sewer_d,
          uniq_grinder, uniq_ijyb

Skill      XL: |  1  2 |
---------------+-------+-----
Stealth        | 4 5 |  5.0
Dodging        | |  2.1
Spellcasting   | |  2.6
Ice Magic      | |  4.9

Action                   |  1- 3 |  4- 6 || total
-------------------------+-------+-------++-------
Melee: Unarmed           |     5 |       ||     5
       Dagger            |    19 |    14 ||    33
       Bite              |     2 |       ||     2
 Cast: Freeze            |    38 |    19 ||    57
 Abil: Exsanguinate      |     2 |       ||     2
       Revivify          |     1 |       ||     1
 Stab: Sleeping          |     5 |     7 ||    12
Armor: Robe              |     9 |     6 ||    15
Dodge: Dodged            |    22 |     5 ||    27
